[Event "EYCC 2017"]
[Site "Mamaia"]
[Date "2017.09.08"]
[Round "4"]
[White "Lomaia, Diana"]
[Black "Toncheva, Nadya"]
[Result "1-0"]
[ECO "B42"]
[WhiteElo "1753"]
[BlackElo "1802"]
[Annotator "NA"]
[PlyCount "69"]
[EventDate "2017.??.??"]
[EventType "swiss"]
[EventCountry "ROU"]
[SourceTitle "playchess.com"]
[Source "ChessBase"]
[SourceQuality "1"]
[TimeControl "40/5400+30:1800+30"]

1. e4 c5 2. Nf3 e6 3. d4 cxd4 4. Nxd4 a6 5. Bd3 Nf6 6. Qe2 d6 7. c4 Qc7 8. O-O g6 9. Nc3 Bg7 10. Be3 Nc6 11. Nxc6 bxc6 12. Rad1 O-O 13. f4 Re8 14. Bb1 Bb7 15. Bd4 c5 16. Bf2 Rad8 17. Bh4 Rb8 18. Rd2 Nd7 19. Bg3 f5 20. Re1 Bxc3 21. bxc3 Nf6 22. e5 Be4 23. exd6 Qc6 24. Bh4 Rxb1 25. Bxf6 Rb7 26. Qf2 Rd7 27. Be5 Qa4 28. Qxc5 Rdd8 29. Qd4 Rf8 30. h4 Rf7 31. Qb6 Rc8 32. d7 Rxd7 33. Qxe6+ Kf8 34. Rxd7 Qxa2 35. Qf7# 1-0

[Event "EYCC 2017"]
[Site "Mamaia"]
[Date "2017.09.08"]
[Round "4"]
[White "Yakimova, Mariya"]
[Black "Allahverdiyeva, Ayan"]
[Result "0-1"]
[ECO "B80"]
[WhiteElo "1736"]
[BlackElo "2042"]
[Annotator "NA"]
[PlyCount "52"]
[EventDate "2017.??.??"]
[EventType "swiss"]
[EventCountry "ROU"]
[SourceTitle "playchess.com"]
[Source "ChessBase"]
[SourceQuality "1"]
[TimeControl "40/5400+30:1800+30"]

1. e4 c5 2. Nf3 d6 3. d4 cxd4 4. Nxd4 Nf6 5. Nc3 e6 6. a3 Be7 7. Be3 Nc6 8. f4 O-O 9. Qf3 e5 10. Nxc6 bxc6 11. fxe5 dxe5 12. h3 Rb8 13. Bc4 Be6 14. Bxe6 fxe6 15. Qe2 Ne8 16. Qg4 Rf6 17. b3 Rg6 18. Qf3 Rg3 19. Qf2 Bg5 20. Bxg5 Qxg5 21. h4 Qg6 22. Qc5 Qg4 23. Qxe5 Rd8 24. Rh3 Rxg2 25. Rh1 Rdd2 26. Qb8 Rge2+ 0-1

[Event "EYCC 2017"]
[Site "Mamaia"]
[Date "2017.09.08"]
[Round "4"]
[White "Vetokhin, Savva"]
[Black "Azadaliyev, Jahandar"]
[Result "1-0"]
[ECO "A45"]
[WhiteElo "1703"]
[BlackElo "1423"]
[Annotator "NA RC"]
[PlyCount "97"]
[EventDate "2017.??.??"]
[EventType "swiss"]
[EventCountry "ROU"]
[SourceTitle "playchess.com"]
[Source "ChessBase"]
[SourceQuality "1"]
[TimeControl "40/5400+30:1800+30"]

1. d4 Nf6 2. Nc3 d5 3. Bf4 e6 4. e3 Bd6 5. Bd3 O-O 6. Nf3 a6 7. O-O Nc6 8. a3 b5 9. Ne5 Bb7 10. Bg3 Ne7 11. Bh4 Nd7 12. Nxd7 Qxd7 13. e4 dxe4 14. Nxe4 Ng6 15. Qh5 Be7 16. Bxe7 Qxe7 17. Rfe1 Qd8 18. Ng5 h6 19. Nxe6 fxe6 20. Qxg6 Rf6 21. Qg4 Kf7 22. Re5 Qd7 23. Be4 Bxe4 24. Qxe4 Rd8 25. c3 Rb8 26. Re1 Rb6 27. d5 Rd6 28. dxe6+ Rdxe6 29. Rxe6 Qxe6 30. Qxe6+ Rxe6 31. Rxe6 Kxe6 32. Kf1 Kd5 33. Ke2 Kc4 34. Kd2 Kb3 35. Kc1 Kc4 36. Kc2 Kd5 37. Kd3 c5 38. h4 Ke5 39. b4 c4+ 40. Ke3 g5 41. hxg5 hxg5 42. g4 Kf6 43. Ke4 Ke6 44. f3 Kf6 45. Kd5 Ke7 46. Ke5 Kf7 47. Kf5 Kg7 48. Kxg5 Kf7 49. f4 1-0

[Event "EYCC 2017"]
[Site "Mamaia"]
[Date "2017.09.08"]
[Round "4"]
[White "Kolesov, Gordey"]
[Black "Maurizzi, Marc Andria"]
[Result "0-1"]
[ECO "E25"]
[WhiteElo "1672"]
[BlackElo "1947"]
[Annotator "NA"]
[PlyCount "136"]
[EventDate "2017.??.??"]
[EventType "swiss"]
[EventCountry "ROU"]
[SourceTitle "playchess.com"]
[Source "ChessBase"]
[SourceQuality "1"]
[TimeControl "40/5400+30:1800+30"]

1. d4 Nf6 2. c4 e6 3. Nc3 Bb4 4. f3 d5 5. a3 Bxc3+ 6. bxc3 c5 7. cxd5 exd5 8. e3 Qc7 9. Bd2 Bf5 10. Bb5+ Nc6 11. Ne2 O-O 12. O-O a6 13. Ba4 Rac8 14. Bc2 Bxc2 15. Qxc2 cxd4 16. exd4 Rfe8 17. Qd3 Na5 18. Bg5 Nd7 19. Rfe1 Qc4 20. Qxc4 Nxc4 21. a4 h6 22. Bh4 Ne3 23. Rac1 Nb6 24. Bf2 Nec4 25. Rb1 a5 26. Nf4 Rxe1+ 27. Rxe1 Rc7 28. Bg3 Rd7 29. Re8+ Kh7 30. Nd3 Nxa4 31. Kf1 b6 32. Be1 Nab2 33. Ke2 Ra7 34. Nxb2 Nxb2 35. Kd2 a4 36. Kc2 a3 37. Kb1 Nc4 38. Ka2 Ra5 39. Re2 Rb5 40. Bf2 Kg6 41. g3 Kf5 42. Be3 Rb2+ 43. Rxb2 axb2 44. g4+ Ke6 45. Bf4 g5 46. Bc7 f5 47. h3 f4 48. h4 gxh4 49. Bxf4 h3 50. Kb1 Nd2+ 51. Kxb2 Nxf3 52. Kb3 h2 53. Bxh2 Nxh2 54. Kb4 Nxg4 55. c4 dxc4 56. d5+ Kxd5 57. Kc3 h5 58. Kb4 h4 59. Kb5 h3 60. Kxb6 c3 61. Kb7 c2 62. Kb8 Kc6 63. Kc8 c1=Q 64. Kd8 Qd2+ 65. Ke7 Qh6 66. Kf7 Ne5+ 67. Ke7 Qd6+ 68. Ke8 Qd7+ 0-1

[Event "EYCC 2017"]
[Site "Mamaia"]
[Date "2017.09.08"]
[Round "4"]
[White "Matasaru, Stephanie"]
[Black "Zvereva, Margarita"]
[Result "1-0"]
[ECO "B90"]
[WhiteElo "1662"]
[BlackElo "1790"]
[Annotator "NA"]
[PlyCount "125"]
[EventDate "2017.??.??"]
[EventType "swiss"]
[EventCountry "ROU"]
[SourceTitle "playchess.com"]
[Source "ChessBase"]
[SourceQuality "1"]
[TimeControl "40/5400+30:1800+30"]

1. e4 c5 2. Nf3 d6 3. d4 cxd4 4. Nxd4 Nf6 5. Nc3 a6 6. h3 e5 7. Nde2 h5 8. Bg5 Be7 9. Qd2 Be6 10. O-O-O Nbd7 11. Kb1 b5 12. a3 Rb8 13. Bxf6 Nxf6 14. Ng3 g6 15. f4 exf4 16. Qxf4 Nd7 17. Nd5 Bxd5 18. exd5 Ne5 19. Ne4 Rc8 20. Bd3 Kf8 21. Rhf1 Kg7 22. Rf2 Qb6 23. Rdf1 Qd8 24. g3 Rf8 25. Be2 Rb8 26. Nf6 Bxf6 27. Qxf6+ Qxf6 28. Rxf6 Rfd8 29. R6f4 Rbc8 30. a4 Rc5 31. axb5 axb5 32. Rb4 Rxd5 33. Rxb5 Rd4 34. Rd1 Re4 35. Bf1 Re3 36. Rb3 Rxb3 37. cxb3 Kf8 38. b4 Ke7 39. Kc2 Rb8 40. b5 Nd7 41. b4 Nb6 42. Kc3 Rc8+ 43. Kd4 Kf8 44. Bd3 Kg7 45. Re1 Kf8 46. Ra1 Rb8 47. Ra7 Ke8 48. Bc4 Nd7 49. Bd5 Rxb5 50. Kc4 Rb6 51. Bxf7+ Kxf7 52. Rxd7+ Ke6 53. Rg7 Kf6 54. Rc7 Ke6 55. b5 Rb8 56. Rc6 Kd7 57. Ra6 Rb7 58. Kb4 Kd8 59. Rxd6+ Ke7 60. Rxg6 Kf7 61. Rh6 Kg7 62. Rxh5 Kg6 63. Rc5 1-0

[Event "EYCC 2017"]
[Site "Mamaia"]
[Date "2017.09.08"]
[Round "4"]
[White "Kvikvinia, Teimuraz"]
[Black "Chyzy, Jakub"]
[Result "0-1"]
[ECO "C91"]
[WhiteElo "1597"]
[BlackElo "2060"]
[Annotator "NA RC"]
[PlyCount "60"]
[EventDate "2017.??.??"]
[EventType "swiss"]
[EventCountry "ROU"]
[SourceTitle "playchess.com"]
[Source "ChessBase"]
[SourceQuality "1"]
[TimeControl "40/5400+30:1800+30"]

1. e4 e5 2. Nf3 Nc6 3. Bb5 a6 4. Ba4 Nf6 5. O-O Be7 6. Re1 b5 7. Bb3 d6 8. c3 O-O 9. d4 Bg4 10. Be3 exd4 11. cxd4 Na5 12. Bc2 c5 13. h3 Bh5 14. Nbd2 Nc6 15. Qb1 Nb4 16. e5 Nxc2 17. Qxc2 Nd5 18. exd6 Bxd6 19. dxc5 Rc8 20. Qb3 Nxe3 21. Rxe3 Bxc5 22. Re5 Bxf3 23. Nxf3 Qb6 24. Re2 Rfe8 25. Rae1 Rxe2 26. Rxe2 Bxf2+ 27. Kh2 Qc7+ 28. Ne5 Bd4 29. Qd5 Rd8 30. Qe4 f6 0-1

[Event "EYCC 2017"]
[Site "Mamaia"]
[Date "2017.09.08"]
[Round "4"]
[White "Gasimova, Samra"]
[Black "Rasheva, Nora"]
[Result "1-0"]
[ECO "A90"]
[WhiteElo "1578"]
[BlackElo "1303"]
[Annotator "NA"]
[PlyCount "42"]
[EventDate "2017.??.??"]
[EventType "swiss"]
[EventCountry "ROU"]
[SourceTitle "playchess.com"]
[Source "ChessBase"]
[SourceQuality "1"]
[TimeControl "40/5400+30:1800+30"]

1. d4 f5 2. c4 Nf6 3. g3 e6 4. Bg2 Bb4+ 5. Nc3 O-O 6. Nh3 Ne4 7. Qc2 d5 8. cxd5 Qxd5 9. O-O Bxc3 10. bxc3 Qc6 11. Bf4 Nd7 12. Rfd1 Ndf6 13. c4 b6 14. Be5 Bb7 15. Bxf6 Rxf6 16. Nf4 g5 17. Nd3 Qe8 18. Ne5 h5 19. Qd3 Rd8 20. Qc2 Rh6 21. Qc1 Nf6 1-0

[Event "EYCC 2017"]
[Site "Mamaia"]
[Date "2017.09.08"]
[Round "4"]
[White "Mogirzan, Matei-Valeriu"]
[Black "Gherghinoiu, Lucas"]
[Result "1-0"]
[ECO "B42"]
[WhiteElo "1575"]
[BlackElo "1805"]
[Annotator "NA"]
[PlyCount "55"]
[EventDate "2017.??.??"]
[EventType "swiss"]
[EventCountry "ROU"]
[SourceTitle "playchess.com"]
[Source "ChessBase"]
[SourceQuality "1"]
[TimeControl "40/5400+30:1800+30"]

1. e4 c5 2. Nf3 e6 3. d4 cxd4 4. Nxd4 a6 5. Bd3 g6 6. O-O Bg7 7. Nb3 b6 8. Nc3 Bb7 9. f4 d6 10. f5 Nf6 11. Bf4 O-O 12. fxe6 fxe6 13. Qe2 d5 14. Rad1 Nh5 15. Bxb8 Rxf1+ 16. Rxf1 Rxb8 17. exd5 exd5 18. Bxa6 Bxa6 19. Qxa6 d4 20. Qc4+ Kh8 21. Ne2 Qh4 22. Nbxd4 Re8 23. Qd3 Qe7 24. c3 Nf6 25. Nf4 Ng4 26. Qf3 Ne5 27. Qe4 Qd7 28. Qd5 1-0

[Event "EYCC 2017"]
[Site "Mamaia"]
[Date "2017.09.08"]
[Round "4"]
[White "Shubenkova, Veronika"]
[Black "Tokarz, Izabela"]
[Result "1-0"]
[ECO "A06"]
[WhiteElo "1505"]
[BlackElo "1324"]
[Annotator "NA"]
[PlyCount "121"]
[EventDate "2017.??.??"]
[EventType "swiss"]
[EventCountry "ROU"]
[SourceTitle "playchess.com"]
[Source "ChessBase"]
[SourceQuality "1"]
[TimeControl "40/5400+30:1800+30"]

1. Nf3 d5 2. d4 e6 3. c4 Nf6 4. cxd5 exd5 5. Bg5 Be7 6. Nc3 O-O 7. Bxf6 Bxf6 8. e3 c6 9. Bd3 Nd7 10. O-O Re8 11. Qc2 Nf8 12. a3 Ng6 13. b4 Bg4 14. Be2 Be7 15. Nd2 Bxe2 16. Nxe2 Bd6 17. Ng3 Nf8 18. Nf3 Ne6 19. Qf5 Bxg3 20. hxg3 Qc8 21. g4 Nc7 22. Qxc8 Raxc8 23. a4 a6 24. Rac1 f6 25. g5 fxg5 26. Nxg5 Ne6 27. Nxe6 Rxe6 28. b5 axb5 29. axb5 Rf8 30. bxc6 bxc6 31. Rc5 Rd6 32. Ra1 Rc8 33. Ra7 Rdd8 34. f3 Rd6 35. Kf2 h6 36. Ke2 Kh7 37. Kd3 Rg6 38. Ra2 Rc7 39. Rac2 Rd6 40. e4 dxe4+ 41. fxe4 Rcd7 42. R2c4 Rg6 43. Rc2 Rg3+ 44. Kc4 Rg4 45. Re2 Ra7 46. Rxc6 Ra4+ 47. Kd5 Rg5+ 48. e5 Rg4 49. Rc4 Ra5+ 50. Rc5 Ra4 51. Rd2 Rg5 52. Rc6 Ra5+ 53. Kd6 Rg6+ 54. e6 Ra7 55. d5 Ra8 56. Kd7 Rg3 57. e7 Re3 58. d6 Kg6 59. Rc8 Ra7+ 60. Kd8 Kf7 61. Rf2+ 1-0

[Event "EYCC 2017"]
[Site "Mamaia"]
[Date "2017.09.08"]
[Round "4"]
[White "Smietanska, Wiktoria"]
[Black "Labaznikova, Kseniya"]
[Result "1-0"]
[ECO "B90"]
[WhiteElo "1446"]
[BlackElo "1104"]
[Annotator "NA"]
[PlyCount "85"]
[EventDate "2017.??.??"]
[EventType "swiss"]
[EventCountry "ROU"]
[SourceTitle "playchess.com"]
[Source "ChessBase"]
[SourceQuality "1"]
[TimeControl "40/5400+30:1800+30"]

1. e4 c5 2. Nf3 d6 3. d4 cxd4 4. Nxd4 Nf6 5. Nc3 a6 6. Be3 e6 7. f3 Be7 8. Qd2 Qc7 9. g4 h6 10. h4 Bd7 11. O-O-O b5 12. Bd3 Nc6 13. g5 hxg5 14. hxg5 Rxh1 15. Rxh1 Ng8 16. Rh8 Kf8 17. Nxc6 Bxc6 18. Qh2 b4 19. Qh7 Ke8 20. Rxg8+ Kd7 21. Ne2 a5 22. Rxa8 Bxa8 23. Bb5+ Bc6 24. Bxc6+ Qxc6 25. Qh2 a4 26. Nd4 Qc4 27. Qe2 Qc7 28. Qb5+ Kd8 29. Qc6 Qb8 30. Nb5 g6 31. Bb6+ Qxb6 32. Qxb6+ Ke8 33. Qb8+ Kd7 34. Qc7+ Ke8 35. Qc8+ Bd8 36. Nd4 e5 37. Nc6 Kf8 38. Qxd8+ Kg7 39. Qf6+ Kh7 40. Nd8 Kg8 41. Qxf7+ Kh8 42. Ne6 a3 43. Qg7# 1-0

[Event "EYCC 2017"]
[Site "Mamaia"]
[Date "2017.09.08"]
[Round "4"]
[White "Zverev, Lev"]
[Black "Samunenkov, Igor"]
[Result "0-1"]
[ECO "B10"]
[WhiteElo "1440"]
[BlackElo "1794"]
[Annotator "NA"]
[PlyCount "88"]
[EventDate "2017.??.??"]
[EventType "swiss"]
[EventCountry "ROU"]
[SourceTitle "playchess.com"]
[Source "ChessBase"]
[SourceQuality "1"]
[TimeControl "40/5400+30:1800+30"]

1. e4 c6 2. c4 d5 3. cxd5 cxd5 4. exd5 Nf6 5. Qa4+ Nbd7 6. Nc3 g6 7. Nf3 Bg7 8. Bc4 O-O 9. d3 a6 10. Qa3 b6 11. O-O Bb7 12. Re1 b5 13. Bb3 Re8 14. Qb4 Nb6 15. Bg5 Nbxd5 16. Nxd5 Bxd5 17. Bxf6 Bxf6 18. Bxd5 Qxd5 19. d4 a5 20. Qb3 Qxb3 21. axb3 Red8 22. Re4 e6 23. Ne5 b4 24. f4 Rd5 25. Kf2 Rc8 26. Ke3 Bxe5 27. Rxe5 Rxe5+ 28. fxe5 Rc2 29. Kd3 Rxb2 30. Kc4 Rxg2 31. Rxa5 Rxh2 32. Kxb4 h5 33. Kb5 h4 34. b4 h3 35. Ka6 Rb2 36. b5 h2 37. Ra1 g5 38. b6 g4 39. b7 g3 40. Rh1 Kg7 41. Rf1 g2 42. d5 gxf1=Q+ 43. Ka7 Qb5 44. d6 Qxb7# 0-1

[Event "EYCC 2017"]
[Site "Mamaia"]
[Date "2017.09.08"]
[Round "4"]
[White "Zubkovskaya, Ekaterina"]
[Black "Natoli, Alessia"]
[Result "1/2-1/2"]
[ECO "B40"]
[WhiteElo "1399"]
[BlackElo "1216"]
[Annotator "NA RC"]
[PlyCount "85"]
[EventDate "2017.??.??"]
[EventType "swiss"]
[EventCountry "ROU"]
[SourceTitle "playchess.com"]
[Source "ChessBase"]
[SourceQuality "1"]
[TimeControl "40/5400+30:1800+30"]

1. e4 c5 2. Nf3 e6 3. d4 cxd4 4. Nxd4 Nf6 5. Bd3 a6 6. c4 Nc6 7. Nf3 d6 8. O-O Be7 9. Nc3 O-O 10. Qe2 Re8 11. Bd2 d5 12. e5 Nd7 13. Rad1 d4 14. Ne4 Ndxe5 15. Nxe5 Nxe5 16. Ng3 Nxd3 17. Qxd3 e5 18. f4 Bd6 19. Qf3 Qc7 20. Ne4 exf4 21. Nxd6 Qxd6 22. Bxf4 Qf6 23. Qb3 Qd8 24. Qg3 Qb6 25. Be5 d3+ 26. Kh1 Qg6 27. Rxd3 Qxg3 28. hxg3 Bg4 29. Rf4 Be2 30. Re3 Bh5 31. Bd4 Rxe3 32. Bxe3 Re8 33. Rd4 h6 34. Bf4 g5 35. Bc7 Re7 36. Bd8 Re2 37. Bf6 Re6 38. Rd8+ Kh7 39. Bc3 Re7 40. Rd4 f5 41. Rd8 Be8 42. Rd5 Bd7 43. Rd6 1/2-1/2

[Event "EYCC 2017"]
[Site "Mamaia"]
[Date "2017.09.08"]
[Round "4"]
[White "Bousmaha, Leila"]
[Black "Pawicka, Magdalena"]
[Result "1/2-1/2"]
[ECO "C47"]
[WhiteElo "1364"]
[BlackElo "1826"]
[Annotator "NA"]
[PlyCount "96"]
[EventDate "2017.??.??"]
[EventType "swiss"]
[EventCountry "ROU"]
[SourceTitle "playchess.com"]
[Source "ChessBase"]
[SourceQuality "1"]
[TimeControl "40/5400+30:1800+30"]

1. e4 e5 2. Nf3 Nc6 3. Nc3 Nf6 4. d4 exd4 5. Nxd4 Bb4 6. Nxc6 bxc6 7. Bd3 O-O 8. O-O Re8 9. Qf3 Rb8 10. Bg5 Bd6 11. Rab1 Be5 12. Bc4 d6 13. Qd3 Bxh2+ 14. Kxh2 Ng4+ 15. Kg1 Qxg5 16. Qg3 Qe5 17. Qxe5 Nxe5 18. Be2 f5 19. f4 Nf7 20. Bf3 fxe4 21. Bxe4 d5 22. Bd3 Nd6 23. b3 Bf5 24. Rf3 Ne4 25. Nxe4 Bxe4 26. Bxe4 Rxe4 27. g3 d4 28. Rd1 c5 29. Kf1 Rbe8 30. c3 Kf7 31. cxd4 Rxd4 32. Rc1 Rd5 33. Rfc3 Ke6 34. Rxc5 Rxc5 35. Rxc5 Kd6 36. Ra5 Ra8 37. b4 Kc6 38. a4 Rb8 39. b5+ Kb7 40. Ra6 Rd8 41. Re6 Rd6 42. Re4 Kb6 43. Rc4 Rd1+ 44. Ke2 Ra1 45. Rc6+ Kb7 46. Rc4 Kb6 47. Rc6+ Kb7 48. Rc4 c5 1/2-1/2

[Event "EYCC 2017"]
[Site "Mamaia"]
[Date "2017.09.08"]
[Round "4"]
[White "Abaszada, Suada"]
[Black "Kusakina, Uliana"]
[Result "1-0"]
[ECO "A13"]
[WhiteElo "1295"]
[BlackElo "1157"]
[Annotator "NA"]
[PlyCount "157"]
[EventDate "2017.??.??"]
[EventType "swiss"]
[EventCountry "ROU"]
[SourceTitle "playchess.com"]
[Source "ChessBase"]
[SourceQuality "1"]
[TimeControl "40/5400+30:1800+30"]

1. c4 e6 2. g3 d5 3. Bg2 c6 4. cxd5 cxd5 5. d4 f5 6. Nf3 Bd6 7. O-O Nf6 8. Nc3 O-O 9. Qc2 Nc6 10. a3 h6 11. b4 a6 12. Na4 Nh7 13. Nc5 Bxc5 14. Qxc5 Kh8 15. Bf4 g5 16. Bd6 Rf7 17. Ne5 Nxe5 18. Bxe5+ Nf6 19. f4 g4 20. Rac1 Kh7 21. Bxf6 Qxf6 22. e3 Bd7 23. Qd6 Bc6 24. Qe5 Qxe5 25. fxe5 Rc8 26. Rf2 Rcc7 27. Rfc2 Kg8 28. a4 Rcd7 29. a5 Kf8 30. Bf1 Ba4 31. Rc8+ Kg7 32. Re8 Rde7 33. Rxe7 Rxe7 34. Be2 Kg6 35. Ra1 Bd7 36. Rc1 Rh7 37. Rc5 h5 38. b5 axb5 39. Bxb5 Bxb5 40. Rxb5 Kg5 41. Rc5 h4 42. Kg2 hxg3 43. hxg3 Kg6 44. Rc8 Re7 45. Rc5 Kf7 46. Rc8 Rd7 47. Rc5 Ke8 48. Rc8+ Ke7 49. Kf2 Kf7 50. Kg2 Kg6 51. Kf2 Rh7 52. Kg2 Kf7 53. Rc7+ Kg6 54. Rc8 Rd7 55. Kf2 Kf7 56. Kg2 Ke7 57. Kf2 b6 58. axb6 Rb7 59. Rc6 Rb8 60. Ke2 Ra8 61. b7 Ra2+ 62. Kd3 Rb2 63. Rc7+ Kd8 64. Rc8+ Kd7 65. b8=Q Rxb8 66. Rxb8 Kc7 67. Rg8 Kd7 68. Kc3 Kc7 69. Kb4 Kc6 70. Rg6 Kd7 71. Kc5 f4 72. exf4 Ke7 73. Rg7+ Kf8 74. Ra7 Kg8 75. Kd6 Kh8 76. Kxe6 Kg8 77. Kf6 Kh8 78. Kg6 Kg8 79. Ra8# 1-0

[Event "EYCC 2017"]
[Site "Mamaia"]
[Date "2017.09.08"]
[Round "4"]
[White "Hajdu, Marton Abris"]
[Black "Royal, Shreyas"]
[Result "0-1"]
[ECO "B78"]
[WhiteElo "1280"]
[BlackElo "1700"]
[Annotator "NA"]
[PlyCount "90"]
[EventDate "2017.??.??"]
[EventType "swiss"]
[EventCountry "ROU"]
[SourceTitle "playchess.com"]
[Source "ChessBase"]
[SourceQuality "1"]
[TimeControl "40/5400+30:1800+30"]

1. e4 c5 2. Nf3 d6 3. d4 cxd4 4. Nxd4 Nf6 5. Nc3 g6 6. Be3 Bg7 7. f3 O-O 8. Qd2 Nc6 9. Bc4 Bd7 10. O-O-O Rc8 11. Bb3 Ne5 12. h4 h5 13. Bg5 Rc5 14. Bxf6 Bxf6 15. f4 Nc4 16. Bxc4 Rxc4 17. Nde2 Bg7 18. e5 Bg4 19. exd6 exd6 20. Qxd6 Qxd6 21. Rxd6 Bxc3 22. Nxc3 Rxf4 23. g3 Rf3 24. Rg1 Re8 25. Nd5 Kg7 26. a3 Re2 27. Nf4 Rh2 28. Nd3 Rh3 29. Ne5 Rfxg3 30. Rxg3 Rxg3 31. Nxg4 Rxg4 32. Rd7 Rxh4 33. Rxb7 Ra4 34. Kd2 h4 35. Re7 h3 36. Re2 g5 37. Rh2 g4 38. Kd3 f5 39. Ke3 f4+ 40. Ke2 Re4+ 41. Kf1 Kf6 42. c3 Kg5 43. b3 Kh4 44. c4 g3 45. Rd2 h2 0-1

[Event "EYCC 2017"]
[Site "Mamaia"]
[Date "2017.09.08"]
[Round "4"]
[White "Keskinler, Ela"]
[Black "Svergina, Sofya"]
[Result "0-1"]
[ECO "A05"]
[WhiteElo "1276"]
[BlackElo "1472"]
[Annotator "NA RC"]
[PlyCount "96"]
[EventDate "2017.??.??"]
[EventType "swiss"]
[EventCountry "ROU"]
[SourceTitle "playchess.com"]
[Source "ChessBase"]
[SourceQuality "1"]
[TimeControl "40/5400+30:1800+30"]

1. Nf3 Nf6 2. g3 b6 3. Bg2 Bb7 4. d4 g6 5. O-O Bg7 6. c4 O-O 7. Nc3 e6 8. Re1 d5 9. b3 c5 10. e3 Nc6 11. Bb2 Re8 12. dxc5 bxc5 13. Rc1 dxc4 14. bxc4 Nb4 15. a3 Nd3 16. Ne5 Nxe1 17. Bxb7 Qxd1 18. Rxd1 Rab8 19. Bc6 Rxb2 20. Bxe8 Nxe8 21. f4 Bxe5 22. fxe5 Nf3+ 23. Kf1 Nxh2+ 24. Ke1 Nf3+ 25. Kf1 Nxe5 26. Rd8 Kf8 27. Nb5 Ke7 28. Ra8 Nxc4 29. Rxa7+ Kf6 30. Ke1 Rxb5 31. a4 Ra5 32. Rxa5 Nxa5 33. Kd2 Nc7 34. Kc3 Nd5+ 35. Kd2 Nb6 36. Ke2 Nxa4 37. Kf3 c4 38. Ke2 Ke5 39. Kd2 Ke4 40. Ke2 c3 41. Kf2 c2 42. Ke2 c1=Q 43. Kf2 Qxe3+ 44. Kg2 Kf5 45. Kh2 Kg4 46. Kg2 Nb3 47. Kf1 Kf3 48. g4 Qf2# 0-1

[Event "EYCC 2017"]
[Site "Mamaia"]
[Date "2017.09.08"]
[Round "4"]
[White "Sichinava, Mariam"]
[Black "Denic, Hana"]
[Result "0-1"]
[ECO "A05"]
[WhiteElo "1205"]
[BlackElo "1555"]
[Annotator "NA"]
[PlyCount "98"]
[EventDate "2017.??.??"]
[EventType "swiss"]
[EventCountry "ROU"]
[SourceTitle "playchess.com"]
[Source "ChessBase"]
[SourceQuality "1"]
[TimeControl "40/5400+30:1800+30"]

1. Nf3 Nf6 2. g3 e6 3. c4 d5 4. d4 Bb4+ 5. Bd2 Bxd2+ 6. Qxd2 Nc6 7. cxd5 exd5 8. Bg2 O-O 9. O-O Re8 10. Nc3 Bg4 11. Qf4 Ne7 12. h3 Ng6 13. Qd2 Bf5 14. Rac1 c6 15. Rfd1 Qe7 16. e3 Ne4 17. Qe2 Qf6 18. Nxe4 Bxe4 19. Nd2 Bxg2 20. Kxg2 Qxd4 21. Nb3 Qe4+ 22. Kh2 b6 23. Nd2 Qe6 24. Nf3 c5 25. Qd2 Red8 26. a4 Qe4 27. Qe2 Qxa4 28. Ra1 Qe4 29. Ng5 Qf5 30. h4 h6 31. Nf3 Qg4 32. Ng1 Qxe2 33. Nxe2 a5 34. Nc3 d4 35. exd4 cxd4 36. Ne2 d3 37. Nc1 d2 38. Nb3 Ne5 39. Nxd2 Rxd2 40. Rxd2 Nf3+ 41. Kg2 Nxd2 42. b4 Nb3 43. Ra3 a4 44. Kf3 b5 45. Ke4 Rd8 46. Ke3 Rd4 47. Ke2 Rxb4 48. Kd3 Rc4 49. Ra2 Nc1+ 0-1

[Event "EYCC 2017"]
[Site "Mamaia"]
[Date "2017.09.08"]
[Round "4"]
[White "Karavitaki, Antonia"]
[Black "Markus, Molli Amina"]
[Result "0-1"]
[ECO "D35"]
[WhiteElo "1196"]
[BlackElo "1520"]
[Annotator "NA"]
[PlyCount "174"]
[EventDate "2017.??.??"]
[EventType "swiss"]
[EventCountry "ROU"]
[SourceTitle "playchess.com"]
[Source "ChessBase"]
[SourceQuality "1"]
[TimeControl "40/5400+30:1800+30"]

1. d4 d5 2. c4 Nf6 3. Nc3 e6 4. cxd5 Nxd5 5. e4 Nxc3 6. bxc3 c5 7. Nf3 cxd4 8. cxd4 Bb4+ 9. Bd2 Bxd2+ 10. Qxd2 O-O 11. Bc4 Nd7 12. O-O b6 13. Rfc1 Bb7 14. Qe2 Nf6 15. Bd3 Rc8 16. Rab1 Rxc1+ 17. Rxc1 Qa8 18. Nd2 Rd8 19. Rc4 Rc8 20. Rxc8+ Qxc8 21. Nc4 Qd8 22. Qe3 g6 23. f3 Kg7 24. Ne5 Qc8 25. Bc4 Ba6 26. Qd3 Bxc4 27. Qxc4 Qxc4 28. Nxc4 Nd7 29. Kf2 a6 30. Ke3 Kf6 31. Kf4 h6 32. Nd6 b5 33. g3 Nb8 34. Nb7 Nc6 35. e5+ Ke7 36. Ke4 Nb4 37. a3 Nc2 38. Nc5 a5 39. a4 bxa4 40. Nxa4 Nb4 41. Nc5 Ke8 42. Ke3 Ke7 43. Ke4 Kf8 44. Ke3 Kg7 45. Kd2 Nd5 46. Kd3 Kf8 47. Kd2 Nb4 48. Kc3 Nd5+ 49. Kd3 h5 50. Na4 Ne7 51. Ke4 Kg7 52. Kf4 f6 53. Ke4 f5+ 54. Kd3 g5 55. f4 gxf4 56. gxf4 Nd5 57. Nc5 Kf7 58. Na4 Nxf4+ 59. Ke3 Nd5+ 60. Kf3 h4 61. h3 Kg6 62. Nc5 Kf7 63. Na4 Nb4 64. Ke3 Ke7 65. Nc5 Nd5+ 66. Kf3 Nb6 67. Kf4 a4 68. Nd3 a3 69. Nc1 Nd5+ 70. Kg5 Nc3 71. Kxh4 a2 72. Nb3 Ne2 73. Kg5 Nxd4 74. Na1 Nf3+ 75. Kf4 Nd4 76. Ke3 Nc6 77. Kf4 Kf7 78. Nb3 Kg6 79. Na1 Kh5 80. Nb3 Kh4 81. Na1 Kxh3 82. Nb3 Nxe5 83. Kxe5 Kg3 84. Kd4 f4 85. Kd3 Kg2 86. Ke2 f3+ 87. Ke3 f2 0-1

[Event "EYCC 2017"]
[Site "Mamaia"]
[Date "2017.09.08"]
[Round "4"]
[White "Sosovickova, Martina"]
[Black "Zavivaeva, Evelina"]
[Result "0-1"]
[ECO "C49"]
[WhiteElo "1137"]
[BlackElo "1406"]
[Annotator "NA RC"]
[PlyCount "91"]
[EventDate "2017.??.??"]
[EventType "swiss"]
[EventCountry "ROU"]
[SourceTitle "playchess.com"]
[Source "ChessBase"]
[SourceQuality "1"]
[TimeControl "40/5400+30:1800+30"]

1. e4 e5 2. Nf3 Nc6 3. Nc3 Nf6 4. Bb5 Bb4 5. O-O O-O 6. d3 Bxc3 7. bxc3 Ne7 8. Nxe5 c6 9. Bc4 Qa5 10. Nf3 d5 11. Bb3 dxe4 12. dxe4 Nxe4 13. Re1 Nxc3 14. Qd2 Qc5 15. Rxe7 Qxe7 16. Qxc3 Kh8 17. Bh6 f6 18. Be3 Rd8 19. Re1 Qc7 20. h3 Bf5 21. Qc5 Bg6 22. g3 b6 23. Qc3 c5 24. Kg2 Qc6 25. Bf4 Re8 26. Rxe8+ Rxe8 27. Qc4 b5 28. Qf1 c4 29. Bxc4 bxc4 30. Qd1 Be4 31. h4 Re7 32. Qd8+ Re8 33. Qd1 h6 34. Be3 a6 35. a3 Rb8 36. Bf4 Rb2 37. Qd8+ Kh7 38. Qd1 Rxc2 39. Bd2 Bxf3+ 40. Qxf3 Qxf3+ 41. Kxf3 Rxd2 42. Ke3 c3 43. f3 Rg2 44. Kd3 c2 45. f4 c1=Q 46. Kd4 0-1